 Dungeon Crawl Stone Soup version 0.32-a0-675-gdc239d62e1 (webtiles) character file.

Game seed: 5595593284084567231

2548 lunkers the Carver (level 9, -1/68 HPs)
             Began as a Coglin Gladiator on Mar 1, 2024.
             Was an Elder of Okawaru.
             Slain by Joseph
             ... wielding a +0 quarterstaff
              (9 damage)
             ... on level 7 of the Dungeon on Mar 11, 2024.
             The game lasted 00:14:11 (5351 turns).

lunkers the Carver (Coglin Gladiator)               Turns: 5351, Time: 00:14:11

Health: -1/68      AC: 10    Str: 18    XL:     9   Next: 56%
Magic:  11/12      EV: 15    Int:  9    God:    Okawaru [****..]
Gold:   27         SH:  0    Dex: 15    Spells: 8/8 levels left

rFire   . . .        q - +2 scimitar (holy) {Choonhe}
rCold   + . .        v - +2 falchion (elec) {Helmut}
rNeg    . . .        E - +2 leather armour {rC+}
rPois   .            c - +1 helmet
rElec   .            h - +0 cloak
rCorr   .            (no gloves)
SInv    .            m - +0 pair of boots
Will    .....        (amulet unavailable)
Stlth   +++          (ring unavailable)
HPRegen 0.31/turn    (ring unavailable)
MPRegen 0.13/turn    (no gizmo)

%: no passive effects
@: heroic, revved
A: off-hand wielding, slow wielding, warmup strikes, no jewellery
a: Invent Gizmo, Renounce Religion, Heroism, Finesse


You were on level 7 of the Dungeon.
You worshipped Okawaru.
Okawaru was greatly pleased with you.
You visited 1 branch of the dungeon, and saw 7 of its levels.

You collected 280 gold pieces.
You spent 253 gold pieces at shops.

Inventory:

Hand Weapons
 a - a +1 long sword of protection {Salvador}
 f - a +0 dagger {Liang}
 k - a +0 dagger of draining {Chaewon}
 n - a +1 dagger of venom
 q - a +2 scimitar of holy wrath (weapon) {Choonhe}
 v - a +2 falchion of electrocution (offhand) {Helmut}
Missiles
 d - 3 throwing nets
 e - 4 javelins
Armour
 c - a +1 helmet (worn)
 h - a +0 cloak (worn)
 m - a +0 pair of boots (worn)
 u - a +0 ring mail
 E - a +2 leather armour of cold resistance (worn)
Wands
 s - a wand of flame (20)
Scrolls
 g - 2 scrolls of revelation
 p - 2 scrolls of fog
 r - a scroll of immolation
 w - a scroll of amnesia
 y - a scroll of enchant weapon
 G - a scroll of teleportation
Potions
 b - a potion of haste
 i - a potion of lignification
 j - a potion of resistance
 l - 2 potions of attraction
 o - 2 potions of brilliance
 t - a potion of might {unknown}
 x - a potion of berserk rage
 z - a potion of curing {unknown}
 A - a potion of mutation {unknown}
 B - a potion of enlightenment {unknown}


   Skills:
 + Level 5.4(10.4) Fighting
 - Level 10.3(15.3) Long Blades
 - Level 1.7(6.7) Throwing
 - Level 2.6(7.6) Dodging
 - Level 5.0 Invocations


You had 8 spell levels left.
You didn't know any spells.
Your spell library contained the following spells:

 Spells                   Type           Power      Damage    Failure   Level
 Blink                    Tloc           0%         N/A       58%         2
 Lesser Beckoning         Tloc           0%         N/A       58%         2
 Momentum Strike          Conj/Tloc      0%         3d8       58%         2
 Chain Lightning          Conj/Air       0%         N/A       100%        9
 Fire Storm               Conj/Fire      0%         5d1       100%        9
 Shatter                  Erth           0%         3d5*      100%        9


Dungeon Overview and Level Annotations

Branches:
Dungeon (7/15)             Temple (0/1) D:4

Altars:
Ashenzari
Gozag
Kikubaaqudgha
Makhleb
Okawaru
Qazlal
Zin
The Shining One

Shops:
D:6 =(*

Annotations:
D:7 Joseph


Innate Abilities, Weirdness & Mutations

You can wield a second weapon in your off-hand.
It takes a long time for you to wield or remove held weapons.
Your first few attacks do less damage.
You cannot equip rings or amulets.


Message History

Maggie draws you further into her thrall.
Unknown command.
Unknown command.
You closely miss Maggie with your +2 falchion of electrocution.
Maggie is heavily wounded.
You slash Maggie with your +2 scimitar of holy wrath!
Joseph hits you but does no damage. Maggie gestures at you while chanting.
The bolt of fire hits you!
* * * LOW HITPOINT WARNING * * *
Unknown command.
Unknown command.
You slash Maggie with your +2 falchion of electrocution!
Maggie is almost dead.
You barely miss Maggie with your +2 scimitar of holy wrath.
Joseph completely misses you.
You slash Maggie with your +2 scimitar of holy wrath!
You are no longer entranced.
You kill Maggie!
Okawaru is honoured by your kill.
You can now speed up your combat.
Your base Fighting skill increases to level 5!
You slash Joseph with your +2 scimitar of holy wrath!
Joseph is moderately wounded.
You slash Joseph with your +2 falchion of electrocution!
Joseph closely misses you.
Unknown command.
You barely miss Joseph with your +2 falchion of electrocution.
Joseph is moderately wounded.
You closely miss Joseph with your +2 scimitar of holy wrath.
Joseph barely misses you.
Unknown command.
You hit Joseph with your +2 falchion of electrocution.
Joseph is heavily wounded.
You slash Joseph with your +2 scimitar of holy wrath!
Unknown command.
You closely miss Joseph with your +2 scimitar of holy wrath.
Joseph is heavily wounded.
You slash Joseph with your +2 falchion of electrocution!
Lightning courses through Joseph! Joseph hits you with a +0 quarterstaff!
You die...

.[ ......###
............
.....#.....###
#....#.......#
#............#
###.#.........#
..........<...#
.......ß#..#..#
......)@.### ##
......@ß##
........#
.....ß.ß#
..##..### . ###


You could see Joseph.

Vanquished Creatures
  Pikel (D:4)
  Maggie (D:7)
  Grinder (D:6)
  Prince Ribbit (D:5)
  Eustachio (D:4)
  The ghost of hikkokomori the Firebug, an amateur MDCA of Ignis (D:4)
  A water moccasin (D:6)
  A sky beast (D:6)
  3 ogres
  3 scorpions
  A bombardier beetle (D:3)
  5 hounds
  2 orc priests (D:6)
  A sleepcap (D:6)
  Natasha (thrice) (D:4)
  An iguana (D:5)
  5 adders
  A white imp (D:6)
  2 ufetubi (D:5)
  3 dart slugs
  14 orcs
  4 ball pythons
  6 bats
  11 endoplasms
  7 giant cockroaches
  7 goblins
  3 hobgoblins
  4 jackals (D:5)
  8 kobolds
  4 quokkas
  2 frilled lizards (D:1)
  6 rats
114 creatures vanquished.

Notes
Turn   | Place    | Note
-------+----------+-------------------------------------------
     0 | D:1      | lunkers the Coglin Gladiator began the quest for the Orb.
     0 | D:1      | Reached XP level 1. HP: 16/16 MP: 1/1
   204 | D:1      | Reached XP level 2. HP: 19/22 MP: 2/2
   494 | D:1      | Reached skill level 4 in Long Blades
   715 | D:1      | Found a stormy altar of Qazlal.
   735 | D:2      | Reached XP level 3. HP: 27/27 MP: 3/3
  1118 | D:2      | Reached XP level 4. HP: 33/33 MP: 4/4
  1424 | D:3      | Found a faded altar of an unknown god.
  1453 | D:3      | Prayed at the altar of an unknown god.
  1453 | D:3      | Became a worshipper of Warmaster Okawaru
  1453 | D:3      | Reached * piety under Okawaru
  1499 | D:3      | Reached skill level 5 in Long Blades
  1710 | D:3      | Reached XP level 5. HP: 37/38 MP: 5/5
  2027 | D:3      | Found a glowing golden altar of the Shining One.
  2049 | D:3      | Found a burning altar of Makhleb.
  2201 | D:4      | Found an ancient bone altar of Kikubaaqudgha.
  2219 | D:4      | Found an opulent altar of Gozag.
  2364 | D:4      | Found a staircase to the Ecumenical Temple.
  2413 | D:4      | Found an iron altar of Okawaru.
  2496 | D:4      | Noticed Eustachio
  2515 | D:4      | Killed Eustachio
  2515 | D:4      | Reached ** piety under Okawaru
  2516 | D:4      | Reached skill level 6 in Long Blades
  2516 | D:4      | Reached XP level 6. HP: 37/44 MP: 5/7
  2543 | D:4      | Noticed Natasha
  2547 | D:4      | Killed Natasha
  2605 | D:4      | Noticed Pikel
  2618 | D:4      | Killed Pikel
  2619 | D:4      | Reached skill level 7 in Long Blades
  2619 | D:4      | Reached XP level 7. HP: 35/50 MP: 5/9
  2852 | D:4      | Found a large runed translucent door.
  2852 | D:4      | Found a large runed translucent door.
  2854 | D:4      | Noticed hikkokomori's ghost (amateur MDCA)
  2907 | D:4      | Noticed Natasha
  2910 | D:4      | Killed Natasha
  2916 | D:4      | Noticed Natasha
  2923 | D:4      | Killed Natasha
  3065 | D:4      | Killed hikkokomori's ghost
  3066 | D:4      | Reached XP level 8. HP: 56/56 MP: 7/11
  3110 | D:5      | Entered Level 5 of the Dungeon
  3152 | D:5      | Noticed Prince Ribbit
  3163 | D:5      | Reached skill level 8 in Long Blades
  3324 | D:5      | Killed Prince Ribbit
  3442 | D:5      | Reached skill level 5 in Invocations
  3640 | D:5      | Reached *** piety under Okawaru
  3641 | D:5      | Reached skill level 9 in Long Blades
  3756 | D:5      | Found a glowing silver altar of Zin.
  3984 | D:6      | Found Folael's Jewellery Shop.
  4031 | D:6      | Reached XP level 9. HP: 52/61 MP: 12/12
  4145 | D:6      | Reached skill level 10 in Long Blades
  4181 | D:6      | Upgraded the game from 0.32-a0-576-g706899e69d to
                  | 0.32-a0-675-gdc239d62e1
  4622 | D:6      | Found Coloo's Assorted Antiques.
  4627 | D:6      | Bought a scroll labelled MORYESHI SUUC for 23 gold pieces
  4648 | D:6      | Noticed Grinder
  4663 | D:6      | Killed Grinder
  4663 | D:6      | Reached **** piety under Okawaru
  4710 | D:6      | Found Nut Ruynleco's Weapon Emporium.
  4710 | D:6      | Noticed a +0 bardiche
  4719 | D:6      | Bought a +2 scimitar of holy wrath for 230 gold pieces
  5241 | D:6      | Found a broken altar of Ashenzari.
  5334 | D:7      | Noticed Maggie
  5334 | D:7      | Noticed Joseph
  5347 | D:7      | Killed Maggie
  5348 | D:7      | Reached skill level 5 in Fighting
  5351 | D:7      | Slain by Joseph

Illustrated notes

Levels and vault maps discovered:
D:1:      dpeg_arrival_water_altar, layout_basic
D:2:      layout_loops_cross
D:3:      layout_basic, jmf_multi_god_temple2, hellmonk_ecumenical_altar_blasted
D:4:      layout_basic, mainiacjoe_overflow_alcove_1, okawaru_ov_weapons_minmay,
          lemuel_doored_altar, minmay_temple_entry_glass,
          ebering_ghost_disaster_area, nicolae_titane, uniq_pikel, uniq_natasha,
          uniq_eustachio
D:5:      layout_rooms, zin_statuary, uniq_prince_ribbit1
D:6:      layout_basic, ashenzari_altar_1, serial_shops, shop,
          nicolae_shop_mannequins, shop, kennysheep_potato, uniq_grinder
D:7:      layout_cave_pools, lemuel_crystal_altar,
          mainiacjoe_overflow_cross_hatched, nemelex_xobeh_ov_fountains_minmay,
          mainiacjoe_overflow_six_doors_small, serial_column_ruins,
          column_ruins_columns_straight, column_ruins_open_medium,
          column_ruins_grid_3, column_ruins_corridor_dead_end,
          column_ruins_columns_plus, column_ruins_open_tiny,
          column_ruins_open_medium, uniq_maggie, uniq_joseph, uniq_jeremiah

Skill      XL: |  1  2  3  4  5  6  7  8  9 |
---------------+----------------------------+-----
Long Blades    | 4 5 6 7 9 10 | 10.3
Invocations    | 2 3 4 5 |  5.0
Fighting       | 5 |  5.4
Throwing       | |  1.7
Dodging        | |  2.6

Action                     |  1- 3 |  4- 6 |  7- 9 || total
---------------------------+-------+-------+-------++-------
  Melee: Long sword        |    65 |    60 |   130 ||   255
         Dagger            |    61 |    54 |       ||   115
         Falchion          |       |    10 |   145 ||   155
         Scimitar          |       |       |    17 ||    17
 Invoke: Heroism           |       |     1 |     3 ||     4
  Evoke: Wand              |       |     1 |     1 ||     2
    Use: Scroll            |       |     7 |     9 ||    16
         Potion            |       |     1 |     1 ||     2
   Stab: Sleeping          |     3 |     1 |       ||     4
 Armour: Leather armour    |    31 |    12 |    36 ||    79
         Ring mail         |       |    19 |    58 ||    77
  Dodge: Dodged            |    40 |    44 |    77 ||   161

Table legend: (Time is in decaauts)
 A = Elapsed time spent in this place.
 B = Non-inter-level travel time spent in this place.
 C = Inter-level travel time spent in this place.
 D = Time resting spent in this place.
 E = Time spent auto-exploring this place.
 F = Levels seen in this place.
 G = Mean time per level.
                   A        B        C        D        E       F      G
               +--------+--------+--------+--------+--------+-----+--------+
         Total |   5352 |   5154 |    198 |    230 |   4113 |   7 |  764.6 |
       Dungeon |   5352 |   5154 |    198 |    230 |   4113 |   7 |  764.6 |
               +--------+--------+--------+--------+--------+-----+--------+

Top non-repeatable levels by time:
     D:6: 1528 daAuts
     D:4: 944 daAuts
     D:3: 890 daAuts
     D:1: 736 daAuts
     D:5: 678 daAuts
     D:2: 562 daAuts
     D:7: 13 daAuts
